Map: Tours du crépuscule

Players

PISTOLAxHERO - Winner!

  • Race: Zerg Zerg
  • League: Silver

pupu

  • Race: Protoss Protoss
  • League: Silver

VOD

Have the link to the VOD?

Description

Time

  • Played on: April 8, 2016, 10:35 a.m.
  • Length: 17:04
Show
View Real Time Build Order
Export as new Build Order

PISTOLAxHERO Zerg - Winner!

Build Orders: Hatch First 

Get SALT Encoding   

  12  0:03  Drone  
  13  0:11  Drone  
  14  0:18  Overlord  
  14  0:44  Hatchery  
  14  0:45  Drone  
  14  0:50  Drone  
  14  0:53  Drone  
  16  0:58  Drone  
  17  1:16  Spawning Pool  
  16  1:19  Extractor, Drone  
  16  1:25  Drone  
  17  1:33  Drone  
  18  1:46  Drone  
  19  1:53  Drone  
  20  1:58  Overlord  
  20  2:03  Queen  
  20  2:05  Queen  
  24  2:08  Zergling x2  
  24  2:13  Zergling x2  
  26  2:16  Zergling x2  
  26  2:20  Zergling x2  
  28  2:23  Zergling x2  
  30  2:30  Zergling x2  
  30  2:33  Metabolic Boost  
  30  2:35  Zergling x2  
  31  2:40  Zergling x2  
  32  2:45  Zergling x2  
  33  2:51  Zergling x2  
  33  2:54  Overlord  
  34  3:01  Zergling x2  
  35  3:07  Zergling x2  
  36  3:19  Drone x3  
  39  3:20  Drone  
  39  3:23  Drone x4  
  39  3:25  Lair  
  44  3:34  Extractor  
  43  3:38  Extractor, Drone  
  43  3:39  Overlord  
  43  3:45  Drone  
  43  3:48  Overlord  
  40  4:31  Hydralisk Den  
  39  4:35  Drone x4  
  43  4:42  Nydus Network  
  43  4:43  Drone x3  
  45  4:49  Evolution Chamber  
  44  4:54  Drone x3  
  44  4:55  Evolution Chamber  
  44  4:58  Spore Crawler  
  45  5:00  Spore Crawler  
  45  5:03  Spore Crawler  
  43  5:08  Spore Crawler  
  43  5:10  Drone x5  
  47  5:16  Zerg Missile Weapons Level 1  
  47  5:18  Drone x2  
  49  5:29  Hydralisk  
  49  5:30  Hydralisk x2  
  49  5:31  Hatchery  
  49  5:34  Drone  
  49  5:35  Drone  
  56  5:36  Drone  
  56  5:41  Drone  
  56  5:42  Drone x2  
  60  6:00  Overlord x2  
  60  6:14  Zerg Ground Armor Level 1  
  60  6:15  Overlord  
  60  6:16  Overlord  
  60  6:21  Extractor  
  59  6:26  Hydralisk x3  
  65  6:37  Extractor  
  64  6:42  Hydralisk x3  
  64  6:44  Overlord  
  64  6:45  Extractor  
  69  6:51  Queen  
  69  6:53  Drone  
  72  7:00  Drone  
  73  7:07  Hydralisk x2  
  77  7:14  Zerg Missile Weapons Level 2  
  77  7:24  Drone  
  77  7:25  Drone  
  77  7:29  Drone x4  
  84  7:30  Drone x5  
  89  7:37  Drone  
  89  7:45  Hydralisk  
  89  7:48  Hydralisk  
  89  7:49  Hydralisk x2  
  97  7:52  Hydralisk x2  
  91  8:13  Drone x2  
  91  8:14  Queen, Drone x3  
  97  8:20  Hydralisk x2  
  97  8:21  Hydralisk x2  
  97  8:24  Overlord x3  
  105  8:38  Zerg Ground Armor Level 2  
  105  8:41  Muscular Augments  
  105  8:43  Hydralisk x3  
  111  8:52  Infestation Pit, Drone  
  111  8:54  Hydralisk x2  
  115  8:59  Drone x3  
  118  9:10  Drone  
  118  9:11  Hatchery, Drone x2  
  120  9:21  Hydralisk x3  
  126  9:24  Hydralisk  
  126  9:26  Overlord  
  126  9:29  Overlord  
  128  9:31  Hive  
  128  9:43  Overlord x3  
  128  9:47  Hydralisk x2  
  128  9:51  Extractor  
  131  9:54  Extractor  
  131  9:59  Hydralisk x3  
  132  10:00  Hydralisk  
  132  10:07  Hydralisk x3  
  144  10:15  Hydralisk x5  
  144  10:16  Hydralisk  
  156  10:30  Hydralisk x4  
  156  10:31  Hydralisk  
  156  10:35  Drone x2  
  168  10:39  Drone x2  
  170  10:46  Zerg Missile Weapons Level 3  
  170  10:57  Overseer x2  
  170  10:58  Overseer  
  170  11:00  Pneumatized Carapace  
  170  11:07  Hydralisk x2  
  170  11:09  Overlord x2  
  170  11:10  Overlord x2  
  174  11:20  Overlord x2  
  174  11:25  Overlord  
  174  11:31  Hydralisk x2  
  174  11:32  Hydralisk x3  
  182  11:36  Hydralisk x5  
  157  12:00  Drone  
  157  12:01  Drone x2  
  160  12:04  Hydralisk x3  
  166  12:21  Queen  
  166  12:22  Hydralisk  
  170  12:25  Hydralisk x2  
  170  12:26  Hydralisk  
  176  12:30  Zerg Ground Armor Level 3  
  176  12:31  Hydralisk x3  
  176  12:35  Hydralisk x4  
  176  12:36  Hydralisk x2  
  194  12:45  Spire  
  129  13:16  Hydralisk x3  
  133  13:21  Hydralisk x5  
  143  13:28  Hydralisk x4  
  143  13:29  Hydralisk  
  143  13:34  Hydralisk  
  153  13:41  Lurker Den  
  155  13:50  Hydralisk  
  155  13:51  Hydralisk x2, Drone  
  162  13:56  Hydralisk x3  
  168  14:08  Overseer  
  168  14:09  Overseer  
  168  14:12  Mutalisk x2  
  168  14:16  Zerg Flyer Weapons Level 1  
  168  14:17  Mutalisk x2  
  176  14:34  Hydralisk  
  176  14:35  Hydralisk x5  
  188  14:44  Overseer  
  187  14:51  Hatchery  
  183  14:54  Overlord  
  183  14:55  Queen  
  183  14:58  Hydralisk x3  
  183  14:59  Hydralisk x2  
  187  15:32  Overlord  
  187  15:33  Hydralisk x3  
  193  15:36  Mutalisk  
  193  15:37  Hydralisk x2  
  193  15:38  Overlord  
  193  15:39  Overlord  
  193  15:51  Lurker x2  
  193  15:52  Lurker  
  193  15:53  Lurker  
  197  16:00  Hydralisk  
Show
View Real Time Build Order
Export as new Build Order

pupu Protoss 

Build Orders: 1 Gate Expand 

Get SALT Encoding   

  12  0:01  Probe (Chrono Boost)  
  13  0:12  Probe (Chrono Boost)  
  14  0:19  Pylon  
  14  0:22  Probe (Chrono Boost)  
  15  0:37  Probe (Chrono Boost)  
  15  0:38  Gateway  
  16  0:48  Probe (Chrono Boost)  
  17  0:58  Probe (Chrono Boost)  
  18  1:15  Nexus  
  18  1:28  Probe (Chrono Boost)  
  18  1:32  Cybernetics Core  
  19  1:39  Probe (Chrono Boost)  
  20  1:49  Probe (Chrono Boost)  
  20  1:51  Zealot  
  23  1:56  Assimilator  
  23  1:59  Assimilator  
  23  2:05  Pylon  
  23  2:23  Probe (Chrono Boost)  
  24  2:33  Zealot  
  24  2:34  Probe (Chrono Boost)  
  24  2:35  Probe (Chrono Boost)  
  24  2:37  Warp Gate (Chrono Boost)  
  28  2:44  Gateway  
  28  2:45  Gateway  
  28  2:48  Gateway  
  28  2:52  Probe  
  28  2:53  Probe  
  30  3:01  Pylon  
  30  3:02  Probe  
  31  3:10  Assimilator  
  31  3:23  Forge  
  31  3:26  Probe x2, Pylon  
  32  3:32  Sentry  
  32  3:34  Sentry  
  37  3:37  Sentry  
  39  3:43  Zealot  
  39  3:44  Probe x2  
  41  4:16  Protoss Ground Weapons Level 1  
  39  4:18  Probe  
  39  4:20  Probe  
  41  4:29  Photon Cannon  
  41  4:31  Photon Cannon  
  41  4:32  Probe, Mothership Core  
  44  4:38  Twilight Council  
  44  4:45  Pylon  
  44  4:51  Probe, Gateway  
  44  4:52  Robotics Facility  
  44  4:53  Probe  
  44  4:56  Pylon  
  46  5:02  Probe  
  46  5:05  Probe  
  48  5:12  Probe  
  48  5:13  Photon Cannon  
  49  5:17  Probe  
  49  5:18  Pylon  
  50  5:24  Probe  
  50  5:27  Assimilator  
  50  5:28  Charge (Chrono Boost)  
  51  5:29  Probe  
  51  5:32  Zealot  
  51  5:35  Sentry  
  56  5:44  Warp Prism  
  56  5:48  Probe x2  
  60  6:00  Probe x2  
  62  6:04  Photon Cannon  
  62  6:12  Probe x2  
  62  6:14  Gateway  
  62  6:17  Gateway  
  62  6:18  Protoss Ground Armor Level 1  
  64  6:19  Pylon  
  64  6:21  Zealot  
  64  6:22  Zealot x2  
  64  6:25  Sentry x2, Pylon  
  74  6:37  Immortal (Chrono Boost)  
  78  6:40  Probe  
  78  6:41  Probe  
  80  6:54  Zealot x4  
  82  6:56  Pylon  
  88  7:10  Nexus  
  88  7:14  Pylon  
  88  7:26  Pylon  
  88  7:28  Pylon  
  88  7:31  Immortal (Chrono Boost)  
  92  7:55  Zealot x3  
  92  7:56  Zealot x2  
  102  7:59  Protoss Shields Level 1  
  92  8:06  Probe x2  
  88  8:18  Probe  
  85  8:22  Gateway  
  85  8:23  Probe, Gateway  
  85  8:24  Probe  
  85  8:25  Gateway  
  87  8:27  Gateway  
  87  8:31  Assimilator  
  87  8:39  Pylon  
  87  8:41  Pylon  
  87  8:43  Probe x2  
  87  8:45  Pylon  
  87  8:46  Probe  
  87  8:48  Pylon  
  90  8:55  Probe  
  91  9:00  Assimilator  
  91  9:01  Zealot x6  
  91  9:02  Zealot  
  105  9:03  Probe  
  105  9:04  Probe  
  105  9:09  Immortal (Chrono Boost)  
  111  9:13  Dark Shrine  
  111  9:15  Resonating Glaives  
  111  9:18  Probe  
  111  9:19  Probe x2  
  114  9:34  Zealot  
  114  9:35  Zealot x4, Protoss Ground Weapons Level 2  
  114  9:36  Zealot  
  126  9:54  Immortal (Chrono Boost)  
  130  10:03  Gateway  
  130  10:04  Probe  
  130  10:05  Stargate, Probe x2  
  133  10:07  Robotics Facility  
  133  10:15  Zealot x2  
  133  10:16  Zealot  
  133  10:19  Nexus  
  139  10:32  Pylon  
  139  10:34  Pylon  
  139  10:37  Probe, Pylon  
  139  10:38  Probe x2  
  139  10:40  Pylon  
  142  10:47  Immortal (Chrono Boost)  
  142  10:49  Phoenix  
  148  10:53  Probe  
  148  10:54  Probe  
  154  11:01  Dark Templar  
  154  11:02  Dark Templar x5, Immortal (Chrono Boost)  
  166  11:06  Dark Templar  
  168  11:23  Dark Templar x4  
  176  11:27  Archon x2  
  176  11:31  Phoenix  
  178  11:34  Immortal (Chrono Boost)  
  184  11:42  Immortal (Chrono Boost)  
  114  11:57  Dark Templar x3  
  114  11:58  Dark Templar x2  
  124  12:06  Archon x2  
  124  12:12  Warp Prism (Chrono Boost)  
  128  12:16  Phoenix  
  128  12:20  Warp Prism (Chrono Boost)  
  130  12:26  Pylon  
  130  12:31  Stalker x4  
  130  12:35  Zealot x6  
  130  12:36  Zealot  
  152  12:41  Phoenix  
  158  12:44  Immortal (Chrono Boost)  
  162  12:56  Immortal (Chrono Boost)  
  150  13:07  Dark Templar x3  
  124  13:22  Archon  
  124  13:24  Dark Templar x2  
  124  13:26  Protoss Ground Weapons Level 3  
  124  13:27  Zealot x6  
  140  14:05  Zealot x2  
  140  14:06  Zealot x7  
  140  14:07  Zealot x3  
  164  14:26  Dark Templar x2  
  168  14:31  Dark Templar  
  168  14:32  Dark Templar x2  
  168  14:33  Dark Templar  
  172  15:07  Stalker x3  
  172  15:08  Stalker x2  
  164  15:29  Stalker x5  
  174  15:38  Archon  
  174  15:56  Zealot x2  
  174  15:57  Zealot x7  
  180  15:58  Zealot x2  
  180  15:59  Zealot  
  158  16:26  Dark Templar x2  
  158  16:27  Dark Templar  
  149  16:33  Observer (Chrono Boost)  
  107  16:42  Photon Cannon  
  107  16:44  Photon Cannon  
  107  16:46  Photon Cannon  
  93  16:50  Photon Cannon  
Tags
 
Add a new tag
Caveats
  • Supply blocks, unpowered buildings, or Contaminate may cause inaccurate times.
  • Supply counts are checked every 10 seconds.